| TOP OF THE 1ST |
|
Pulaski Counts batting - Pitching for Bluefield Grays : LHP Mike Rochford
|
|
Pitching: LHP Mike Rochford
|
|
|
Batting: RHB Eric Jones
|
0-0: Ball 1-0: Called Strike 1-1: Ball 2-1: Foul Ball, location: 2F 2-2: Ball 3-2: Strikes out swinging
|
|
Batting: RHB Brett Benza
|
0-0: Called Strike 0-1: Ball 1-1: Foul Ball, location: 2F 1-2: Strikes out swinging
|
|
Batting: RHB Roberto Kelly
|
0-0: Called Strike 0-1: Ball 1-1: Called Strike 1-2: SINGLE (Groundball, 34D, EV 106.3 MPH)
|
|
Batting: RHB John DiGioia
|
0-0: Ball 1-0: SINGLE (Line Drive, 89M, EV 103.1 MPH) Roberto Kelly to second
|
|
Batting: RHB Jeffrey Ahlert
|
0-0: Foul Ball, location: 2F 0-1: Ball 1-1: Ball 2-1: Swinging Strike 2-2: Fly out, F9 (Flyball, 9D, EV 83.1 MPH)
|
| Top of the 1st over - 0 runs, 2 hits, 0 errors, 2 left on base; Pulaski 0 - Bluefield 0 |
| BOTTOM OF THE 1ST |
|
Bluefield Grays batting - Pitching for Pulaski Counts : RHP Scott Gardner
|
|
Pitching: RHP Scott Gardner
|
|
|
Batting: LHB David Price
|
0-0: Ground out 6-3 (Groundball, 6, EV 87.5 MPH)
|
|
Batting: SHB Casey Candaele
|
0-0: Called Strike 0-1: Ball 1-1: Called Strike 1-2: Ground out U3 (Groundball, 3, EV 89.4 MPH)
|
|
Batting: RHB Charlie Hayes
|
0-0: Called Strike 0-1: DOUBLE (Line Drive, 7LS, EV 96.9 MPH)
|
|
Batting: RHB Richard Diaz
|
0-0: Ball 1-0: Foul Ball, location: 2F 1-1: Ball 2-1: Called Strike 2-2: Ball Passed Ball! Charlie Hayes to third 3-2: Fly out, F5 (Line Drive, 5, EV 64.4 MPH)
|
| Bottom of the 1st over - 0 runs, 1 hit, 0 errors, 1 left on base; Pulaski 0 - Bluefield 0 |
| TOP OF THE 2ND |
|
Pulaski Counts batting - Pitching for Bluefield Grays : LHP Mike Rochford
|
|
Batting: RHB Elias Guzman
|
0-0: Foul Ball, location: 2F 0-1: Fly out, F8 (Line Drive, 8LD, EV 98.1 MPH)
|
|
Batting: RHB Darrell Baugh
|
0-0: SINGLE (Flyball, 8LS, EV 93.1 MPH)
|
|
Batting: RHB Dario Vasquez
|
0-0: Ball Darrell Baugh is caught stealing 2nd base 2-4 1-0: Fly out, F9 (Flyball, 89M, EV 96.3 MPH)
|
| Top of the 2nd over - 0 runs, 1 hit, 0 errors, 0 left on base; Pulaski 0 - Bluefield 0 |
| BOTTOM OF THE 2ND |
|
Bluefield Grays batting - Pitching for Pulaski Counts : RHP Scott Gardner
|
|
Batting: SHB Chris Maloney
|
0-0: Ball 1-0: Ball 2-0: Fly out, F8 (Line Drive, 8RD, EV 105.0 MPH)
|
|
Batting: RHB Sam Haley
|
0-0: Ball 1-0: Foul Ball, location: 2F 1-1: Foul Ball, location: 2F 1-2: Strikes out swinging
|
|
Batting: RHB Steven Wolff
|
0-0: Called Strike 0-1: Foul Ball, location: 2F 0-2: Ball 1-2: Ball 2-2: Foul Ball, location: 2F 2-2: Foul Ball, location: 2F 2-2: Ball 3-2: Base on Balls
|
|
Batting: RHB James Eurton
|
0-0: Ball 1-0: Called Strike 1-1: Swinging Strike 1-2: Ball 2-2: Foul Ball, location: 2F 2-2: Foul Ball, location: 2F 2-2: Strikes out swinging
|
| Bottom of the 2nd over - 0 runs, 0 hits, 0 errors, 1 left on base; Pulaski 0 - Bluefield 0 |
| TOP OF THE 3RD |
|
Pulaski Counts batting - Pitching for Bluefield Grays : LHP Mike Rochford
|
|
Batting: LHB Jon Zureich
|
0-0: Fly out, F7 (Flyball, 78D, EV 104.4 MPH)
|
|
Batting: RHB Eric Jones
|
0-0: Foul Ball, location: 2F 0-1: Swinging Strike 0-2: Ball 1-2: Strikes out swinging
|
|
Batting: RHB Brett Benza
|
0-0: Ground out 5-3 (Groundball, 5, EV 106.3 MPH)
|
| Top of the 3rd over - 0 runs, 0 hits, 0 errors, 0 left on base; Pulaski 0 - Bluefield 0 |
| BOTTOM OF THE 3RD |
|
Bluefield Grays batting - Pitching for Pulaski Counts : RHP Scott Gardner
|
|
Batting: SHB Alex Garcia
|
0-0: Called Strike 0-1: Ball 1-1: Ball 2-1: SINGLE (Groundball, 34D, EV 103.1 MPH)
|
|
Batting: LHB David Price
|
0-0: Ball Alex Garcia steals 2nd base 1-0: Foul Ball, location: 2F 1-1: Ball 2-1: Foul Ball, location: 2F 2-2: Strikes out swinging
|
|
Batting: SHB Casey Candaele
|
0-0: Ball 1-0: Fly out, F8 (Flyball, 8LM, EV 85.6 MPH)
|
|
Batting: RHB Charlie Hayes
|
0-0: Swinging Strike 0-1: 2-RUN HOME RUN (Flyball, 78XD, EV 104.4 MPH), Distance : 418 ft
|
|
Batting: RHB Richard Diaz
|
0-0: Ball 1-0: Called Strike 1-1: Swinging Strike 1-2: Ball 2-2: Ball 3-2: Foul Ball, location: 2F 3-2: Strikes out swinging, 2-3 out at first.
|
| Bottom of the 3rd over - 2 runs, 2 hits, 0 errors, 0 left on base; Pulaski 0 - Bluefield 2 |
| TOP OF THE 4TH |
|
Pulaski Counts batting - Pitching for Bluefield Grays : LHP Mike Rochford
|
|
Batting: RHB Roberto Kelly
|
0-0: SINGLE (Groundball, 6MD, EV 103.8 MPH)
|
|
Batting: RHB John DiGioia
|
0-0: Ball 1-0: Ball 2-0: Ball 3-0: Base on Balls Roberto Kelly to second
|
|
Batting: RHB Jeffrey Ahlert
|
0-0: Ball 1-0: Ball 2-0: Called Strike 2-1: Ball 3-1: Foul Ball, location: 2F 3-2: Foul Ball, location: 2F 3-2: Foul Ball, location: 2F 3-2: Fielders Choice at 2nd, 3-6 (Groundball, 34S, EV 85.0 MPH) Roberto Kelly to third
|
|
Batting: RHB Elias Guzman
|
0-0: Called Strike 0-1: Ground out 5-3 (Groundball, 6S, EV 70.6 MPH) Jeffrey Ahlert to second
|
|
Batting: RHB Darrell Baugh
|
0-0: Ball 1-0: Called Strike 1-1: Swinging Strike 1-2: Foul Ball, location: 2F 1-2: Ball 2-2: Ball 3-2: Foul Ball, location: 2F 3-2: Strikes out swinging
|
| Top of the 4th over - 0 runs, 1 hit, 0 errors, 2 left on base; Pulaski 0 - Bluefield 2 |
| BOTTOM OF THE 4TH |
|
Bluefield Grays batting - Pitching for Pulaski Counts : RHP Scott Gardner
|
|
Batting: SHB Chris Maloney
|
0-0: Ball 1-0: Ball 2-0: Ball 3-0: Called Strike 3-1: Base on Balls
|
|
Batting: RHB Sam Haley
|
0-0: Ball 1-0: SINGLE (Popup, P, EV 82.5 MPH) Chris Maloney to second
|
|
Batting: RHB Steven Wolff
|
0-0: Grounds into double play, 3-6-3 (Groundball, 34S, EV 86.3 MPH) Chris Maloney to third
|
|
Batting: RHB James Eurton
|
0-0: Called Strike 0-1: Ball 1-1: Ball 2-1: Ball 3-1: Called Strike 3-2: Strikes out swinging
|
| Bottom of the 4th over - 0 runs, 1 hit, 0 errors, 1 left on base; Pulaski 0 - Bluefield 2 |
| TOP OF THE 5TH |
|
Pulaski Counts batting - Pitching for Bluefield Grays : LHP Mike Rochford
|
|
Batting: RHB Dario Vasquez
|
0-0: Ground out 6-3 (Groundball, 56, EV 98.1 MPH)
|
|
Batting: LHB Jon Zureich
|
0-0: Ball 1-0: Foul Ball, location: 2F 1-1: Swinging Strike 1-2: Strikes out swinging
|
|
Batting: RHB Eric Jones
|
0-0: Ball 1-0: Ball 2-0: Ball 3-0: Called Strike 3-1: Foul Ball, location: 2F 3-2: Strikes out swinging
|
| Top of the 5th over - 0 runs, 0 hits, 0 errors, 0 left on base; Pulaski 0 - Bluefield 2 |
| BOTTOM OF THE 5TH |
|
Bluefield Grays batting - Pitching for Pulaski Counts : RHP Scott Gardner
|
|
Batting: SHB Alex Garcia
|
0-0: Ball 1-0: Ground out 5-3 (Groundball, 5, EV 86.9 MPH)
|
|
Batting: LHB David Price
|
0-0: Ball 1-0: Swinging Strike 1-1: Ball 2-1: SINGLE (Groundball, 25, EV 71.3 MPH) (infield hit)
|
|
Batting: SHB Casey Candaele
|
0-0: Ball 1-0: Called Strike 1-1: Ball 2-1: Ball 3-1: SINGLE (Groundball, 4MS, EV 66.3 MPH) (infield hit) David Price to second
|
|
Batting: RHB Charlie Hayes
|
0-0: Ball 1-0: Ground out 5-3 (Groundball, 56S, EV 69.4 MPH) David Price to third Casey Candaele to second
|
|
Batting: RHB Richard Diaz
|
0-0: Ball 1-0: Swinging Strike 1-1: Swinging Strike 1-2: Strikes out swinging
|
| Bottom of the 5th over - 0 runs, 2 hits, 0 errors, 2 left on base; Pulaski 0 - Bluefield 2 |
| TOP OF THE 6TH |
|
Pulaski Counts batting - Pitching for Bluefield Grays : LHP Mike Rochford
|
|
Batting: RHB Brett Benza
|
0-0: Ball 1-0: SINGLE (Line Drive, 4MD, EV 103.8 MPH)
|
|
Batting: RHB Roberto Kelly
|
0-0: Foul Ball, location: 2F 0-1: Ball 1-1: Swinging Strike 1-2: Ball 2-2: Ball 3-2: Foul Ball, location: 2F 3-2: Strikes out swinging
|
|
Batting: RHB John DiGioia
|
0-0: Called Strike 0-1: Ball 1-1: Foul Ball, location: 2F 1-2: Ball 2-2: Strikes out looking
|
|
Batting: RHB Jeffrey Ahlert
|
0-0: Foul Ball, location: 2F 0-1: Reached on error, E9 (Line Drive, 9D, EV 95.0 MPH) Brett Benza to third
|
|
Batting: RHB Elias Guzman
|
0-0: Ball 1-0: Swinging Strike 1-1: Ground out 6-3 (Groundball, 6, EV 87.5 MPH)
|
| Top of the 6th over - 0 runs, 1 hit, 1 error, 2 left on base; Pulaski 0 - Bluefield 2 |
| BOTTOM OF THE 6TH |
|
Bluefield Grays batting - Pitching for Pulaski Counts : RHP Scott Gardner
|
|
Batting: SHB Chris Maloney
|
0-0: Ball 1-0: Foul Ball, location: 2F 1-1: Ground out 5-3 (Groundball, 5, EV 88.8 MPH)
|
|
Batting: RHB Sam Haley
|
0-0: Ball 1-0: Ball 2-0: Swinging Strike 2-1: Foul Ball, location: 2F 2-2: Fly out, F9 (Flyball, 9, EV 92.5 MPH)
|
|
Batting: RHB Steven Wolff
|
0-0: Ball 1-0: Ball 2-0: Ground out 3-1 (Groundball, 13, EV 86.3 MPH)
|
| Bottom of the 6th over - 0 runs, 0 hits, 0 errors, 0 left on base; Pulaski 0 - Bluefield 2 |
| TOP OF THE 7TH |
|
Pulaski Counts batting - Pitching for Bluefield Grays : LHP Mike Rochford
|
|
Batting: RHB Darrell Baugh
|
0-0: Called Strike 0-1: Called Strike 0-2: Ground out 5-3 (Groundball, 5, EV 83.1 MPH)
|
|
Batting: RHB Dario Vasquez
|
0-0: Foul Ball, location: 2F 0-1: SINGLE (Groundball, 6D, EV 95.6 MPH)
|
|
Batting: LHB Jon Zureich
|
0-0: Called Strike 0-1: Ball 1-1: Ball 2-1: Foul Ball, location: 2F 2-2: Ball 3-2: Foul Ball, location: 2F 3-2: Strikes out looking
|
|
Batting: RHB Eric Jones
|
0-0: Ball 1-0: Called Strike 1-1: Foul Ball, location: 2F 1-2: Ball 2-2: Strikes out swinging
|
| Top of the 7th over - 0 runs, 1 hit, 0 errors, 1 left on base; Pulaski 0 - Bluefield 2 |
| BOTTOM OF THE 7TH |
|
Bluefield Grays batting - Pitching for Pulaski Counts : RHP Scott Gardner
|
|
Batting: RHB James Eurton
|
0-0: Ball 1-0: Called Strike 1-1: Fly out, F3 (Popup, 34S, EV 64.4 MPH)
|
|
Batting: SHB Alex Garcia
|
0-0: Fly out, F9 (Flyball, 9S, EV 73.8 MPH)
|
|
Batting: LHB David Price
|
0-0: Ball 1-0: Foul Ball, location: 2F 1-1: Called Strike 1-2: Ball 2-2: Fly out, F7 (Flyball, 7, EV 80.6 MPH)
|
| Bottom of the 7th over - 0 runs, 0 hits, 0 errors, 0 left on base; Pulaski 0 - Bluefield 2 |
| TOP OF THE 8TH |
|
Pulaski Counts batting - Pitching for Bluefield Grays : LHP Mike Rochford
|
|
Now at SS: Felix Fermin
|
|
|
Now in CF: Eduardo Sanchez
|
|
|
Batting: RHB Brett Benza
|
0-0: Called Strike 0-1: Ball 1-1: Ball 2-1: Called Strike 2-2: Strikes out swinging
|
|
Batting: RHB Roberto Kelly
|
0-0: Ball 1-0: Ball 2-0: Called Strike 2-1: Reached on error, E4 (Groundball, 4, EV 83.8 MPH)
|
|
Batting: RHB John DiGioia
|
0-0: Ball 1-0: Grounds into double play, 6-4-3 (Groundball, 6M, EV 85.0 MPH)
|
| Top of the 8th over - 0 runs, 0 hits, 1 error, 0 left on base; Pulaski 0 - Bluefield 2 |
| BOTTOM OF THE 8TH |
|
Bluefield Grays batting - Pitching for Pulaski Counts : RHP Scott Gardner
|
|
Batting: SHB Casey Candaele
|
0-0: Ball 1-0: Called Strike 1-1: Foul Ball, location: 2F 1-2: Fly out, F5 (Popup, 56S, EV 76.9 MPH)
|
|
Batting: RHB Eduardo Sanchez
|
0-0: Foul Ball, location: 2F 0-1: Ball 1-1: Ball 2-1: Swinging Strike 2-2: Foul Ball, location: 2F 2-2: Strikes out swinging
|
|
Batting: RHB Richard Diaz
|
0-0: Ball 1-0: Ball 2-0: Ball 3-0: Called Strike 3-1: Foul Ball, location: 2F 3-2: Fly out, F8 (Line Drive, 8RM, EV 91.9 MPH)
|
| Bottom of the 8th over - 0 runs, 0 hits, 0 errors, 0 left on base; Pulaski 0 - Bluefield 2 |
| TOP OF THE 9TH |
|
Pulaski Counts batting - Pitching for Bluefield Grays : LHP Mike Rochford
|
|
Batting: RHB Jeffrey Ahlert
|
0-0: Ball 1-0: Called Strike 1-1: Ball 2-1: Foul Ball, location: 2F 2-2: Strikes out swinging
|
|
Batting: RHB Elias Guzman
|
0-0: Ground out 6-3 (Groundball, 56, EV 105.0 MPH)
|
|
Batting: RHB Darrell Baugh
|
0-0: Called Strike 0-1: Ball 1-1: Foul Ball, location: 2F 1-2: Strikes out swinging
|
| Top of the 9th over - 0 runs, 0 hits, 0 errors, 0 left on base; Pulaski 0 - Bluefield 2 |
|